 Dungeon Sprint DCSS version 0.30-a0-39-g42789b21ef (webtiles) character file.

Game seed: 15295907156400066416

9935 mhtbhm the Metallomancer (level 11, -24/61 HPs)
             Began as a Gargoyle Earth Elementalist on Aug 28, 2022.
             Was the Champion of Vehumet.
             Annihilated by Donald
             ... wielding a +0 war axe of holy wrath
              (32 damage)
             ... in the Dungeon (Sprint III: "The Ten Rune Challenge").
             The game lasted 00:09:38 (2303 turns).

mhtbhm the Metallomancer (GrEE)                     Turns: 2303, Time: 00:09:39

Health: -24/61     AC: 11    Str: 12    XL:     11   Next: 54%
Magic:  0/31       EV: 14    Int: 18    God:    Vehumet [******]
Gold:   1742       SH:  4    Dex: 14    Spells: 30/43 levels left

rFire   . . .      SeeInvis .    j - +4 quarterstaff (chaos)
rCold   . . .      Faith    .    (shield currently unavailable)
rNeg    + . .      Spirit   .    a - +0 robe
rPois   ∞          Reflect  .    (no helmet)
rElec   +          Harm     .    f - +0 cloak
rCorr   .          Rampage  .    (no gloves)
Will    .....      NoTele   +    (no boots)
Stlth   ++++......               (no amulet)
HPRegen 1.00/turn                (no ring)
MPRegen 0.22/turn                (no ring)

@: no status effects
A: sickness immunity, AC +8, negative energy resistance 1, electricity
resistance, torment resistance 1, petrification resistance, large bone plates 1,
camouflage 1, agile 1, regeneration 1
a: Renounce Religion


You were in the Dungeon.
You worshipped Vehumet.
Vehumet was exalted by your worship.
You visited 1 branch You collected 1742 gold pieces.

Inventory:

Hand Weapons
 j - a +4 quarterstaff of chaos (weapon)
Missiles
 d - 7 javelins
Armour
 a - a +0 robe (worn)
 f - a +0 cloak (worn)
Wands
 p - a wand of paralysis (8)
Scrolls
 g - a scroll of blinking
 l - a scroll of immolation
 m - a scroll of identify
Potions
 b - 3 potions of magic
 c - 2 potions of curing
 i - 3 potions of flight {unknown}
 k - 3 potions of mutation
 n - a potion of might
Miscellaneous
 o - a box of beasts (inert)


   Skills:
 + Level 4.0 Fighting
 + Level 0.8 Staves
 + Level 5.4 Dodging
 + Level 6.2 Stealth
 + Level 1.1 Shields
 + Level 3.1 Unarmed Combat
 + Level 16.6 Spellcasting
 + Level 5.4 Conjurations
 + Level 1.1 Transmutations
 + Level 1.0 Air Magic
 + Level 21.5 Earth Magic
 + Level 2.0 Poison Magic
 + Level 1.0 Evocations


You had 30 spell levels left.
You knew the following spells:

 Your Spells              Type           Power      Damage    Failure   Level
a - Sandblast             Erth           100%       2d20      0%          1
b - Passwall              Tmut/Erth      45%        N/A       1%          2
c - Stone Arrow           Conj/Erth      100%       3d13      1%          3
d - Petrify               Tmut/Erth      54%        N/A       1%          4
e - Mephitic Cloud        Conj/Pois/Air  25%        N/A       1%          3

Your spell library contained the following spells:

 Spells                   Type           Power      Damage    Failure   Level
 Yara's Violent Unravell  Hex/Tmut       8%         3d5       22%         5
 Dazzling Flash           Conj/Hex       48%        N/A       1%          3
 Silence                  Hex/Air        8%         N/A       65%         5
 Agony                    Necr           14%        N/A       75%         5


Dungeon Overview and Level Annotations

Branches:
Dungeon (1/1)

Altars:
Cheibriados
Dithmenos
Elyvilon
Fedhas
Gozag
Hepliaklqana
Kikubaaqudgha
Makhleb
Nemelex Xobeh
Okawaru
Qazlal
Ru
Sif Muna
Trog
Uskayaw
Vehumet
Wu Jian
Xom
Yredelemnul
Zin
The Shining One
Jiyva
Lugonu

Shops:
D (

Annotations:
D Donald


Innate Abilities, Weirdness & Mutations

You are immune to sickness and miasma.
Your stone body is resilient. (AC +8)
You are immune to poison.
You resist negative energy. (rN+)
You are resistant to electric shocks. (rElec)
You are resistant to unholy torment.
You are immune to petrification.
You are partially covered in large bone plates. (SH +4)
Your skin changes colour to match your surroundings (Stealth+).
You are agile. (Dex +4, Str/Int -1)
Your natural rate of healing is unusually fast.


Message History

Aim: Donald, wielding a +0 war axe of holy wrath, wearing a +0 scale mail and wearing a +1 kite shield of reflection (severely wounded, fast, confused, reflecting blocked projectiles, 95% to hit)
The stone arrow hits Donald!!
Donald is almost dead.
Unknown command.
Casting: Stone Arrow (safe; 1% risk of failure)
Confirm with . or Enter, or press ? or * to list all spells.
You don't have enough magic to cast this spell.
Unknown command.
Unknown command.
Unknown command.
Casting: Stone Arrow (safe; 1% risk of failure)
Confirm with . or Enter, or press ? or * to list all spells.
Aiming: Sandblast (safe; 0% risk of failure)
Press: ? - help, Shift-Dir - straight line, f/p - Donald
Aim: Donald, wielding a +0 war axe of holy wrath, wearing a +0 scale mail and wearing a +1 kite shield of reflection (almost dead, fast, confused, reflecting blocked projectiles, 97% to hit)
The blast of sand hits Donald!
Donald is almost dead.
Donald seems less confused.
Donald hits you with a +0 war axe of holy wrath!
Unknown command.
Aiming: Paralyse
Press: ? - help, Shift-Dir - straight line, f/p - Donald
Aim: Donald, wielding a +0 war axe of holy wrath, wearing a +0 scale mail and wearing a +1 kite shield of reflection (almost dead, fast, reflecting blocked projectiles, chance to affect: 2%)
Okay, then.
You open the lid... ...and a juvenile shockweird beast leaps out!
The box is emptied!
Donald mumbles some strange words.
Donald seems to grow stronger.
Donald hits you with a +0 war axe of holy wrath.
Donald hits your juvenile shockweird beast with a +0 war axe of holy wrath!
You barely miss Donald.
Donald is almost dead.
Donald hits you with a +0 war axe of holy wrath!!!
Ouch! That really hurt!
* * * LOW HITPOINT WARNING * * *
Donald hits your juvenile shockweird beast with a +0 war axe of holy wrath!
Donald hits you with a +0 war axe of holy wrath!!
Ouch! That really hurt!
You die...

#'#####################*********,
#..§§~'.#.')..'.#.#.#.+,,,~~*,**,
#.#§§§#.#.#)..##.#.#.##,,,~~*****
).#§§§#.#.#...#.#.#.#.#,,,~~~~**,
#.#§§§#...#...##.#.#.#*,,,~~~~**,
▓▓▓▓▓▓▓▓▓▓▓▓▓▓#.#.#.#.#,,,,,,,**,
........~~~...##.#.#.##,,,,,,,***
≈≈≈≈≈≈≈≈≈≈♣♣P.'.#.#.#.#,,,,,,,**,
♣♣♣♣♣♣♣♣♣♣♣♣PP##@#.#.##**********
♣♣♣##@#####**********,
♣♣*************..H+,~~~~**~,~~~**
.##~~~~~~,,*,,#...#,~~~~*,,~*~~*,
#.#~~~~~,,,*,,#...#,*~~~**~**~~**
.##+~~~~~****+#####,*,~~~***~~~*,
.).#~~,,,,,,,,*,,,,,***~~~~~~~~**
#..#~,,+*******,,,,,*,*,~~~~~~~*,
####,,,*,,,,,,*,,,,,*+***~~~~~~*,


You could see Donald (fast, strong, ally target, reflecting) and a friendly
juvenile shockweird beast (summoned).

Vanquished Creatures
  Frances (D)
  A centaur warrior (D)
  Erica (D)
  Urug (D)
  A lindwurm (D)
  An orc knight (D)
  A deep elf pyromancer (D)
  An orc sorcerer (D)
  A cane toad (D)
  An unseen horror (D)
  A rime drake (D)
  A komodo dragon (D)
  2 tyrant leeches (D)
  3 wandering mushrooms (D)
  5 blink frogs (D)
  A shadow (D)
  3 redbacks (D)
  A spatial vortex (D)
  4 orc warriors (D)
  A swamp drake (D)
  2 centaurs (D)
  An earth elemental (D)
  A necrophage (D)
  A water elemental (D)
  3 orc priests (D)
  A jelly (D)
  Crazy Yiuf (D)
  A wizard (D)
  Jessica (D)
  5 orc wizards (D)
  A necromancer (D)
  3 humans (D)
  A kobold demonologist (D)
  4 orcs (D)
  An endoplasm (D)
  2 rats (D)
61 creatures vanquished.

Vanquished Creatures (collateral kills)
  A cane toad (D)
1 creature vanquished.

Grand Total: 62 creatures vanquished

Notes
Turn   | Place    | Note
-------+----------+-------------------------------------------
     0 | D        | mhtbhm the Gargoyle Earth Elementalist began the quest for
                  | the Orb.
     0 | D        | Reached XP level 1. HP: 10/10 MP: 3/3
     3 | D        | Reached skill level 4 in Earth Magic
    34 | D        | Noticed Jessica
    35 | D        | Killed Jessica
    36 | D        | Reached skill level 6 in Earth Magic
    36 | D        | Reached XP level 2. HP: 15/15 MP: 3/6
    36 | D        | Reached XP level 3. HP: 19/19 MP: 3/7
   109 | D        | Reached skill level 7 in Earth Magic
   146 | D        | Noticed Crazy Yiuf
   148 | D        | Killed Crazy Yiuf
   149 | D        | Reached skill level 8 in Earth Magic
   149 | D        | Reached XP level 4. HP: 24/24 MP: 6/9
   176 | D        | Gained mutation: You are partially covered in large bone
                  | plates. (SH +4) [potion of mutation]
   176 | D        | Gained mutation: Your skin changes colour to match your
                  | surroundings (Stealth+). [potion of mutation]
   176 | D        | Gained mutation: Your natural rate of healing is unusually
                  | fast. [potion of mutation]
   176 | D        | Gained mutation: You are agile. (Dex +4, Str/Int -1)
                  | [potion of mutation]
   190 | D        | Learned a level 2 spell: Passwall
   194 | D        | Learned a level 3 spell: Stone Arrow
   199 | D        | Learned a level 4 spell: Petrify
   207 | D        | Noticed a water elemental
   212 | D        | Killed a water elemental
   213 | D        | Reached skill level 1 in Unarmed Combat
   213 | D        | Reached skill level 9 in Earth Magic
   213 | D        | Reached XP level 5. HP: 28/28 MP: 3/11
   319 | D        | Found a radiant altar of Vehumet.
   319 | D        | Found a shimmering blue altar of Sif Muna.
   319 | D        | Found an ancient bone altar of Kikubaaqudgha.
   322 | D        | Reached skill level 5 in Spellcasting
   324 | D        | Noticed a chaos spawn
   325 | D        | Reached skill level 10 in Earth Magic
   332 | D        | Became a worshipper of Vehumet
   375 | D        | Found a basalt altar of Yredelemnul.
   375 | D        | Found a shadowy altar of Dithmenos.
   375 | D        | Found a sacrificial altar of Ru.
   381 | D        | Reached skill level 11 in Earth Magic
   381 | D        | Reached XP level 6. HP: 28/32 MP: 9/15
   464 | D        | Found a glowing silver altar of Zin.
   464 | D        | Found a glowing golden altar of the Shining One.
   464 | D        | Found a white marble altar of Elyvilon.
   464 | D        | Noticed a deep elf pyromancer
   466 | D        | Killed a deep elf pyromancer
   466 | D        | Reached * piety under Vehumet
   466 | D        | Offered knowledge of Freeze by Vehumet.
   467 | D        | Reached skill level 5 in Stealth
   467 | D        | Reached skill level 13 in Earth Magic
   467 | D        | Reached XP level 7. HP: 21/36 MP: 14/19
   497 | D        | Found a hide-covered altar of Uskayaw.
   497 | D        | Found an iron altar of Okawaru.
   497 | D        | Found a bloodstained altar of Trog.
   497 | D        | Found an ornate altar of the Wu Jian Council.
   497 | D        | Noticed a human
   497 | D        | Noticed a human
   499 | D        | Killed a human
   500 | D        | Reached skill level 14 in Earth Magic
   503 | D        | Killed a human
   504 | D        | Reached XP level 8. HP: 41/41 MP: 15/21
   589 | D        | Noticed a shadow
   593 | D        | Killed a shadow
   593 | D        | Offered knowledge of Foxfire by Vehumet.
   593 | D        | Reached ** piety under Vehumet
   594 | D        | Reached skill level 15 in Earth Magic
   722 | D        | Found a blossoming altar of Fedhas.
   722 | D        | Found a stormy altar of Qazlal.
   722 | D        | Found a snail-covered altar of Cheibriados.
   722 | D        | Found a burning altar of Makhleb.
   722 | D        | Found a shimmering altar of Xom.
   723 | D        | Found a hazy altar of Hepliaklqana.
   723 | D        | Found an opulent altar of Gozag.
   723 | D        | Found a sparkling altar of Nemelex Xobeh.
   723 | D        | Found a corrupted altar of Lugonu.
   723 | D        | Found a viscous altar of Jiyva.
   728 | D        | Reached skill level 10 in Spellcasting
   760 | D        | Noticed Erica
   766 | D        | Killed Erica
   766 | D        | Offered knowledge of Mephitic Cloud by Vehumet.
   767 | D        | Reached skill level 1 in Fighting
   767 | D        | Reached skill level 16 in Earth Magic
   767 | D        | Reached XP level 9. HP: 47/47 MP: 16/24
   913 | D        | Learned a level 3 spell: Mephitic Cloud
   920 | D        | Noticed an orc knight
   923 | D        | Noticed an orc sorcerer
   935 | D        | Reached *** piety under Vehumet
   935 | D        | Offered knowledge of Frozen Ramparts by Vehumet.
   935 | D        | Reached **** piety under Vehumet
   936 | D        | Reached skill level 1 in Conjurations
   936 | D        | Reached skill level 17 in Earth Magic
   939 | D        | Reached ***** piety under Vehumet
   944 | D        | Killed an orc sorcerer
   949 | D        | Killed an orc knight
   950 | D        | Reached skill level 18 in Earth Magic
   989 | D        | Found Oreg's Weapon Shop.
   997 | D        | Reached XP level 10. HP: 53/53 MP: 27/27
  1143 | D        | Noticed a centaur warrior
  1145 | D        | Offered knowledge of Fireball by Vehumet.
  1150 | D        | Reached ****** piety under Vehumet
  1151 | D        | Killed a centaur warrior
  1152 | D        | Reached skill level 1 in Poison Magic
  1246 | D        | Killed an unseen horror
  1247 | D        | Reached skill level 19 in Earth Magic
  1304 | D        | Offered knowledge of Iskenderun's Battlesphere by Vehumet.
  1467 | D        | Noticed a cane toad
  1467 | D        | Noticed a cane toad
  1477 | D        | Killed a cane toad
  1479 | D        | Killed a cane toad
  1480 | D        | Reached skill level 1 in Transmutations
  1536 | D        | Reached skill level 20 in Earth Magic
  1788 | D        | Reached skill level 5 in Dodging
  1788 | D        | Reached skill level 15 in Spellcasting
  1821 | D        | Noticed a lindwurm
  1826 | D        | Killed a lindwurm
  1826 | D        | Offered knowledge of Airstrike by Vehumet.
  1827 | D        | Reached XP level 11. HP: 52/60 MP: 22/30
  1831 | D        | Reached skill level 1 in Evocations
  1972 | D        | Noticed Urug
  1976 | D        | Killed Urug
  2100 | D        | Reached skill level 5 in Conjurations
  2100 | D        | Reached skill level 21 in Earth Magic
  2215 | D        | Offered knowledge of Yara's Violent Unravelling by Vehumet.
  2283 | D        | Noticed Donald
  2283 | D        | Noticed Frances
  2291 | D        | Killed Frances
  2292 | D        | Reached skill level 1 in Shields
  2292 | D        | Reached skill level 1 in Air Magic
  2303 | D        | Annihilated by Donald

Illustrated notes

Levels and vault maps discovered:
D:        dungeon_sprint_mu [sprint_mu_entry_forest, sprint_mu_temple_rooms,
          sprint_mu_d1_horrors, sprint_mu_d2_genie, sprint_mu_d3_branching,
          sprint_mu_orc_legion, sprint_mu_elf_gauntlet, sprint_mu_hive_nellie,
          sprint_mu_lair_fedhas, sprint_mu_vaults_butterflies,
          sprint_mu_slime_circle, sprint_mu_swamp_cave, sprint_mu_shoals_archi,
          sprint_mu_blade_basic, sprint_mu_crypt_chambers,
          sprint_mu_tomb_spiral, sprint_mu_vestibule_basic,
          sprint_mu_gehenna_hellfire, sprint_mu_dis_giant,
          sprint_mu_tartarus_statrot, sprint_mu_cocytus_islands, sprint_mu_zot1]

Skill      XL: |  1  2  3  4  5  6  7  8  9 10 11 |
---------------+----------------------------------+-----
Earth Magic    | 6 8 9 11 13 14 16 18 20 21 | 21.5
Dodging        | 2 3 4 5 |  5.4
Stealth        | 3 4 5 6 |  6.2
Spellcasting   | 3 4 6 8 9 11 13 15 16 | 16.6
Unarmed Combat | 1 2 3 |  3.1
Fighting       | 1 2 3 4 |  4.0
Conjurations   | 2 4 5 |  5.4
Poison Magic   | 1 2 |  2.0
Transmutations | 1 |  1.1
Evocations     | 1 |  1.0
Shields        | 1 |  1.1
Air Magic      | 1 |  1.0
Staves         | |  0.8

Action                   |  1- 3 |  4- 6 |  7- 9 | 10-12 || total
-------------------------+-------+-------+-------+-------++-------
Melee: Unarmed           |     7 |       |       |       ||     7
       Punch             |     1 |       |       |       ||     1
       Quarterstaff      |       |       |       |     3 ||     3
 Cast: Sandblast         |     7 |    15 |    35 |    59 ||   116
       Stone Arrow       |       |     1 |     2 |    34 ||    37
       Mephitic Cloud    |       |       |     1 |     7 ||     8
       Petrify           |       |       |       |     1 ||     1
Evoke: Box of beasts     |       |       |       |     3 ||     3
  Use: Potion            |     1 |     1 |     1 |     1 ||     4
       Scroll            |       |       |     2 |     1 ||     3
Armor: Robe              |     2 |     2 |     2 |    19 ||    25
Dodge: Dodged            |     2 |       |     7 |    30 ||    39
Block: Other             |       |       |       |     6 ||     6

Table legend: (Time is in decaauts)
 A = Elapsed time spent in this place.
 B = Non-inter-level travel time spent in this place.
 C = Inter-level travel time spent in this place.
 D = Time resting spent in this place.
 E = Time spent auto-exploring this place.
 F = Levels seen in this place.
 G = Mean time per level.
                   A        B        C        D        E       F      G
               +--------+--------+--------+--------+--------+-----+--------+
         Total |   2382 |   2380 |      2 |   1477 |      1 |   1 | 2382.0 |
       Dungeon |   2382 |   2380 |      2 |   1477 |      1 |   1 | 2382.0 |
               +--------+--------+--------+--------+--------+-----+--------+

Top non-repeatable levels by time:
       D: 2382 daAuts
